 Dungeon Crawl Stone Soup version 0.31-a0-133-gaae73658be (webtiles) character file.

Game seed: 12589136541001774093

4256 IdlyInterested the Cleaver (level 10, 0/82 HPs)
             Began as a Demonspawn Fighter on June 2, 2023.
             Slain by a green ugly thing (8 damage)
             ... on level 8 of the Dungeon.
             The game lasted 00:22:51 (7767 turns).

IdlyInterested the Cleaver (Demonspawn Fighter)     Turns: 7767, Time: 00:22:52

Health: 0/82       AC:  8    Str: 21 (22) XL:     10   Next: 10%
Magic:  10/10      EV: 11    Int: 10      God:
Gold:   416        SH: 18    Dex: 18      Spells: 9/9 levels left

rFire   + . .        a - +0 war axe
rCold   + . .        c - +1 buckler
rNeg    . . .        D - +0 swamp dragon scales
rPois   +            (helmet restricted)
rElec   +            m - +2 cloak
rCorr   +            (no gloves)
SInv    .            f - +0 pair of boots
Will    .....        v - amulet of reflection
Stlth   +            B - ring "Latygg" {rCorr Str+4 Dex+3}
HPRegen 0.33/turn    I - ring of wizardry
MPRegen 0.24/turn

%: reflection, wizardry (x1)
@: mighty, resistant, corroded, on berserk cooldown, slowed, very slow
A: horns 1, large bone plates 2, magic regeneration, demonic magic 1
a: no special abilities


You were on level 8 of the Dungeon.
You visited 2 branches of the dungeon, and saw 9 of its levels.

You collected 416 gold pieces.

Inventory:

Hand Weapons
 a - a +0 war axe (weapon)
 w - a +0 war axe
 x - a +0 morningstar
Missiles
 h - 56 stones (quivered)
 i - 4 javelins
 t - 3 curare-tipped darts
 z - 14 poisoned darts
 N - 6 boomerangs
Armour
 c - a +1 buckler (worn)
 f - a +0 pair of boots (worn)
 m - a +2 cloak (worn)
 r - a +1 scale mail of willpower
 D - +0 swamp dragon scales (worn)
 F - a scarf of invisibility
 G - a +0 scale mail of positive energy
 K - +0 steam dragon scales
Magical Staves
 E - a staff of air
Jewellery
 v - an amulet of reflection (around neck)
 y - a ring of ice
 B - the ring "Latygg" (left hand) {rCorr Str+4 Dex+3}
   (You found it on level 6 of the Dungeon)

   [ring of resist corrosion]

   Str:       It affects your strength (+4).
   Dex:       It affects your dexterity (+3).
   rCorr:     It protects you from acid and corrosion.
 I - a ring of wizardry (right hand)
 L - an amulet of faith
Wands
 l - a wand of light (12)
 q - a wand of flame (22)
 M - a wand of digging (3)
Scrolls
 e - 3 scrolls of teleportation
 u - 3 scrolls of fear
 A - a scroll of blinking
 C - a scroll of enchant weapon
 J - 2 scrolls of fog
Potions
 b - a potion of attraction
 d - a potion of might
 j - 5 potions of curing
 n - 3 potions of brilliance
 o - a potion of enlightenment
 p - a potion of magic
 s - 2 potions of mutation
 H - a potion of haste {unknown}


   Skills:
 + Level 8.4 Fighting
 * Level 9.4 Axes
 - Level 2.0 Throwing
 - Level 2.6 Armour
 - Level 2.0 Dodging
 - Level 1.0 Stealth
 - Level 6.0 Shields
 * Level 0.0 Spellcasting
 - Level 2.0 Evocations


You had 9 spell levels left.
You didn't know any spells.
Your spell library was empty.

Dungeon Overview and Level Annotations

Branches:
Dungeon (8/15)             Temple (1/1) D:4
   Lair: D:8-11

Altars:
Ashenzari
Cheibriados
Dithmenos
Fedhas
Gozag
Hepliaklqana
Kikubaaqudgha
Makhleb
Nemelex Xobeh
Okawaru
Qazlal
Ru
Sif Muna
Trog
Uskayaw
Vehumet
Wu Jian
Xom
Yredelemnul


Innate Abilities, Weirdness & Mutations

You have a pair of small horns on your head.
You are mostly covered in large bone plates. (SH +6)
You regenerate magic rapidly.
Spells you cast may paralyse adjacent enemies.


Message History

* * * LOW HITPOINT WARNING * * *
You slash the brown ugly thing!
The brown ugly thing is heavily wounded.
You closely miss the brown ugly thing.
You block the brown ugly thing's attack.
The brown ugly thing closely misses you.
The white ugly thing basks in the mutagenic energy from its kin and changes!
You slash the brown ugly thing! You headbutt the brown ugly thing!
The brown ugly thing is severely wounded.
You hit the brown ugly thing. The brown ugly thing trunk-slaps you.
* * * LOW HITPOINT WARNING * * *
You are splashed with acid.
You resist.
* * * LOW HITPOINT WARNING * * *
The brown ugly thing basks in the mutagenic energy from its kin and changes! x2
You closely miss the purple ugly thing.
The purple ugly thing is heavily wounded.
You closely miss the green ugly thing.
The brown ugly thing basks in the mutagenic energy from its kin and changes!
The red ugly thing basks in the mutagenic energy from its kin and changes!
You slash the purple ugly thing! You headbutt the purple ugly thing!
The purple ugly thing is almost dead.
You hit the green ugly thing. The green ugly thing headbutts you.
* * * LOW HITPOINT WARNING * * *
The purple ugly thing headbutts you.
* * * LOW HITPOINT WARNING * * *
The purple ugly thing headbutts you.
* * * LOW HITPOINT WARNING * * *
The green ugly thing headbutts you but does no damage.
You slice the purple ugly thing!!
You kill the purple ugly thing!
You hit the green ugly thing but do no damage.
You block the green ugly thing's attack. x2
You feel your intelligence returning.
Training target 6.0 for Shields reached!
Your Shields skill increases to level 6!
You completely miss the green ugly thing.
You hit the green ugly thing.
You block the green ugly thing's attack.
The green ugly thing tentacle-slaps you!
You die...

# ##.....### #..... #
#...### ##.... # #####
#.... # ##... # ##.. #
#.. # ##.. # ### #..# ###
#@####### #### ..##
#uu#.!..#. # ...#####
#u.#.#.#.# # .......#
##..'....#. # .......###
##...'..#..§ #
.........### #....'..!!#.
#
...........###.#..#.#.#.#
#
........###....#..#....#§
# ........#
##.....####### ######


You could see 3 ugly things.

Vanquished Creatures
  A glowing orange brain (D:8)
  An ugly thing (D:8)
  Joseph (D:7)
  Maggie (D:6)
  Eustachio (D:5)
  A steam dragon (D:7)
  Duvessa (D:7)
  An ice beast (D:7)
  2 black bears
  An orc warrior (D:7)
  2 sky beasts (D:6)
  2 ogres
  4 centaurs
  A phantom (D:5)
  A kobold brigand (D:8)
  2 bullfrogs
  A scorpion (D:6)
  4 wights (D:6)
  Dowan (D:7)
  2 hounds (D:4)
  2 orc priests (D:8)
  5 jellies
  A gnoll bouda (D:8)
  An iguana (D:6)
  Ijyb (D:3)
  11 orc wizards
  4 gnolls (D:8)
  6 adders
  3 shadow imps
  A white imp (D:6)
  2 ufetubi (D:5)
  A worm (D:2)
  A dart slug (D:2)
  17 orcs
  4 bats
  8 endoplasms
  3 giant cockroaches
  6 goblins
  11 hobgoblins
  4 jackals (D:5)
  4 quokkas
  6 ball pythons
  2 frilled lizards (D:2)
  13 kobolds
  6 rats
154 creatures vanquished.

Notes
Turn   | Place    | Note
-------+----------+-------------------------------------------
     0 | D:1      | IdlyInterested the Demonspawn Fighter began the quest for
                  | the Orb.
     0 | D:1      | Reached XP level 1. HP: 18/18 MP: 1/1
   107 | D:1      | Found a faded altar of an unknown god.
   113 | D:1      | Reached skill level 2 in Axes
   113 | D:1      | Reached skill level 1 in Dodging
   113 | D:1      | Gained mutation: You regenerate magic rapidly. [demonic
                  | ancestry]
   113 | D:1      | Reached XP level 2. HP: 24/24 MP: 2/2
   736 | D:2      | Reached skill level 1 in Stealth
   912 | D:2      | Reached XP level 3. HP: 29/29 MP: 3/3
  1114 | D:2      | Reached skill level 1 in Throwing
  1368 | D:2      | Found a blossoming altar of Fedhas.
  1657 | D:3      | Noticed Ijyb
  1683 | D:3      | Killed Ijyb
  1684 | D:3      | Reached skill level 1 in Evocations
  1684 | D:3      | Gained mutation: You have a pair of small horns on your
                  | head. [demonic ancestry]
  1684 | D:3      | Reached XP level 4. HP: 31/37 MP: 4/4
  1761 | D:3      | You fall into a shaft and drop 1 floor!
  2520 | D:4      | Found a staircase to the Ecumenical Temple.
  2553 | Temple   | Entered the Ecumenical Temple
  3047 | D:4      | Reached XP level 5. HP: 42/42 MP: 5/5
  3095 | D:4      | Reached skill level 3 in Axes
  3563 | D:4      | Found a hide-covered altar of Uskayaw.
  3999 | D:5      | Entered Level 5 of the Dungeon
  3999 | D:5      | Noticed a centaur
  4004 | D:5      | Killed a centaur
  4005 | D:5      | Reached XP level 6. HP: 44/50 MP: 6/6
  4254 | D:5      | Reached skill level 5 in Fighting
  4302 | D:5      | Reached skill level 4 in Axes
  4356 | D:5      | Reached XP level 7. HP: 45/56 MP: 7/7
  4588 | D:5      | Noticed Eustachio
  4614 | D:5      | Killed Eustachio
  4716 | D:5      | Reached skill level 5 in Axes
  5284 | D:6      | Gained mutation: You are partially covered in large bone
                  | plates. (SH +4) [demonic ancestry]
  5284 | D:6      | Reached XP level 8. HP: 64/64 MP: 8/8
  5296 | D:6      | Identified the ring "Latygg" {rCorr Str+4 Dex+3}
  5357 | D:6      | Reached skill level 6 in Axes
  5585 | D:6      | Noticed Maggie
  5612 | D:6      | Killed Maggie
  5613 | D:6      | Reached skill level 7 in Axes
  6054 | D:7      | Noticed Joseph
  6060 | D:7      | Noticed Duvessa
  6064 | D:7      | Gained mutation: Spells you cast may paralyse adjacent
                  | enemies. [demonic ancestry]
  6064 | D:7      | Reached XP level 9. HP: 28/72 MP: 9/9
  6065 | D:7      | Noticed Dowan
  6072 | D:7      | Killed Duvessa
  6074 | D:7      | Killed Dowan
  6076 | D:7      | Killed Joseph
  6077 | D:7      | Reached skill level 8 in Axes
  6211 | D:7      | Reached skill level 5 in Shields
  6710 | D:8      | Found a runed translucent gate.
  6710 | D:8      | Found a runed translucent gate.
  6711 | D:8      | Noticed a glowing orange brain
  6714 | D:8      | Found a runed translucent gate.
  6714 | D:8      | Noticed a red ugly thing
  6715 | D:8      | Noticed a green ugly thing
  6715 | D:8      | Noticed a purple ugly thing
  6716 | D:8      | Noticed a red ugly thing
  7760 | D:8      | Killed a glowing orange brain
  7761 | D:8      | Reached skill level 9 in Axes
  7761 | D:8      | Gained mutation: You are mostly covered in large bone
                  | plates. (SH +6) [demonic ancestry]
  7761 | D:8      | Reached XP level 10. HP: 31/81 MP: 10/10
  7766 | D:8      | Killed a purple ugly thing
  7767 | D:8      | Slain by a green ugly thing

Illustrated notes

Levels and vault maps discovered:
D:1:      shiori_arrival_oz, layout_rooms, ebering_ecumenical_altar_mist,
          hangedman_decor_diamond_cutter
D:2:      layout_loops_corners, basic_altar
D:3:      layout_loops_ring, minmay_misc_feat_rows, uniq_ijyb
D:4:      layout_layer_cave, nicolae_uskayaw_suspiria,
          minmay_temple_entry_mini_moons
D:5:      minmay_spotlight, layout_gridville, uniq_eustachio
D:6:      layout_cave_pools, grunt_decor_fettered, uniq_maggie
D:7:      layout_rooms, uniq_duvessa, uniq_joseph
D:8:      layout_cave_pods, ploomutoo_gammafunk_ghost_potion_laboratory
Temple:   nicolae_temple_bog_church

Skill      XL: |  1  2  3  4  5  6  7  8  9 10 |
---------------+-------------------------------+-----
Axes           | 2 3 4 5 7 9 |  9.4
Dodging        | 1 2 |  2.0
Stealth        | 1 |  1.0
Throwing       | 1 2 |  2.0
Evocations     | 1 2 |  2.0
Fighting       | 4 5 6 7 8 |  8.4
Shields        | 3 4 5 6 |  6.0
Armour         | |  2.6

Action                     |  1- 3 |  4- 6 |  7- 9 | 10-12 || total
---------------------------+-------+-------+-------+-------++-------
  Melee: War axe           |    97 |   121 |   230 |     7 ||   455
         Unarmed           |    23 |     3 |       |       ||    26
         Headbutt          |       |    24 |    48 |     2 ||    74
  Throw: Stone             |    10 |     3 |    25 |       ||    38
  Evoke: Wand              |       |       |     6 |       ||     6
    Use: Scroll            |     6 |     4 |     4 |       ||    14
         Potion            |     3 |       |     9 |       ||    12
   Stab: Distracted        |       |       |     1 |       ||     1
         Sleeping          |       |       |     1 |       ||     1
 Armour: Scale mail        |    52 |    15 |       |       ||    67
         Skin              |     5 |       |       |       ||     5
         Chain mail        |       |    51 |    44 |       ||    95
         Swamp dragon scal |       |       |    54 |     1 ||    55
  Dodge: Dodged            |    53 |    52 |    64 |     2 ||   171
  Block: Buckler           |    19 |    59 |   173 |     6 ||   257
         Reflection        |       |     4 |    14 |       ||    18

Table legend: (Time is in decaauts)
 A = Elapsed time spent in this place.
 B = Non-inter-level travel time spent in this place.
 C = Inter-level travel time spent in this place.
 D = Time resting spent in this place.
 E = Time spent auto-exploring this place.
 F = Levels seen in this place.
 G = Mean time per level.
                   A        B        C        D        E       F      G
               +--------+--------+--------+--------+--------+-----+--------+
         Total |   7934 |   7274 |    660 |    527 |   4910 |   9 |  881.6 |
       Dungeon |   7651 |   7076 |    575 |    527 |   4729 |   8 |  956.4 |
        Temple |    283 |    198 |     85 |      0 |    181 |   1 |  283.0 |
               +--------+--------+--------+--------+--------+-----+--------+

Top non-repeatable levels by time:
     D:4: 1448 daAuts
     D:5: 1249 daAuts
     D:8: 1171 daAuts
     D:2: 1161 daAuts
     D:6: 769 daAuts
     D:3: 729 daAuts
     D:7: 563 daAuts
     D:1: 558 daAuts
  Temple: 283 daAuts
